 Dungeon Crawl Stone Soup version 0.24-a0-586-g8e0e932a4c (webtiles) character file.

Game seed: 2306741568723885526, levelgen mode: deterministic

4 Mithandil the Conjurer (level 1, 0/10 HPs)
             Began as a Tengu Conjurer on Sept 8, 2019.
             Hit by a stone thrown by a hobgoblin (1 damage)
             ... on level 2 of the Dungeon.
             The game lasted 00:01:13 (131 turns).

Mithandil the Conjurer (Tengu Conjurer)              Turns: 131, Time: 00:01:13

Health: 0/10       AC:  2    Str:  8    XL:     1   Next: 60%
Magic:  1/4        EV: 12    Int: 15    God:
Gold:   0          SH:  0    Dex: 14    Spells: 3/4 levels left

rFire    . . .     SeeInvis .   e - +0 dagger
rCold    . . .     Gourm    .   (no shield)
rNeg     . . .     Faith    .   a - +0 robe
rPois    .         Spirit   .   (helmet restricted)
rElec    .         Reflect  .   (no cloak)
rCorr    .         Harm     .   (no gloves)
MR       .....                  (boots unavailable)
Stlth    ++........             (no amulet)
HPRegen  0.03/turn              (no ring)
MPRegen  0.09/turn              (no ring)

@: no status effects
A: beak, talons 3
a: no special abilities


You were on level 2 of the Dungeon.
You were not hungry.

You visited 1 branch of the dungeon, and saw 2 of its levels.

Inventory:

Hand Weapons
 e - a +0 dagger (weapon)
Missiles
 b - 13 stones (quivered)
Armour
 a - a +0 robe (worn)
Scrolls
 d - a scroll of teleportation {unknown}
Comestibles
 c - 2 rations
 f - 2 chunks of flesh


   Skills:
 + Level 0.1 Fighting
 + Level 2.2 Dodging
 + Level 2.0 Stealth
 * Level 2.1 Spellcasting
 * Level 5.4 Conjurations


You had 3 spell levels left.
You knew the following spells:

 Your Spells              Type           Power        Failure   Level  Hunger
a - Magic Dart            Conj           ###.         2%          1    #......

Your spell library contained the following spells:

 Spells                   Type           Power        Failure   Level  Hunger
 Searing Ray              Conj           ###...       3%          2    ###....
 Dazzling Spray           Conj/Hex       #.....       22%         3    ###....
 Iskenderun's Mystic Bla  Conj           ###.....     24%         4    #####..
 Force Lance              Conj/Tloc      #.......     58%         4    #####..
 Fulminant Prism          Conj/Hex       #.........   58%         4    #####..


Dungeon Overview and Level Annotations

Branches:
Dungeon (1/15)

Altars:


Innate Abilities, Weirdness & Mutations

You have a beak for a mouth.
You have claws for feet.


Message History

The hobgoblin throws a stone.
The stone hits you but does no damage.
You see here a stone.
The hobgoblin throws a stone.
The stone completely misses you.
You see here 2 stones.
b - 8 stones (gained 2)
The hobgoblin throws a stone.
The stone hits you.
b - 9 stones (gained 1)
The hobgoblin throws a stone.
The stone closely misses you.
b - 10 stones (gained 1)
The hobgoblin throws a stone.
The stone hits you.
* * * LOW HITPOINT WARNING * * *
b - 11 stones (gained 1)
The hobgoblin throws a stone.
The stone hits you.
* * * LOW HITPOINT WARNING * * *
The hobgoblin throws a stone.
The stone hits you.
* * * LOW HITPOINT WARNING * * *
You see here 2 stones.
b - 13 stones (gained 2)
The hobgoblin throws a stone.
The stone hits you.
You die...

.. .. #.
.(. #. ...
##.##
#g###
#...#...(.
#.#.#)#.#
#.#.%...#
##.#(....#
#..@...#.#
##...<...#
#.###...#
..# ...#
...# (.$#
....# .>#
...... #.#
......#
#......#


You could see a hobgoblin.

Vanquished Creatures
  A bat (D:1)
  A goblin (D:1)
  A kobold (D:2)
3 creatures vanquished.

Notes
Turn   | Place    | Note
-------+----------+-------------------------------------------
     0 | D:1      | Mithandil the Tengu Conjurer began the quest for the Orb.
     0 | D:1      | Reached XP level 1. HP: 10/10 MP: 4/4
    84 | D:1      | You fall into a shaft and drop 1 floor!
   131 | D:2      | Hit by a stone thrown by a hobgoblin

Levels and vault maps discovered:
D:1:      eino_arrival_water_star, layout_basic
D:2:      layout_basic, lemuel_coloured_pillars_altar, first_ration,
          uniq_terence, uniq_natasha

Action                   || total
-------------------------++-------
 Cast: Magic Dart        ||    10
Armor: Robe              ||     1
Dodge: Dodged            ||     4

Table legend:
 A = Non-vault XP
 B = Vault XP
 C = Vault XP percentage of total XP
 D = Non-vault monster count
 E = Vault monster count
 F = Vault count percentage of total count
                 A         B        C        D         E       F
            +---------+---------+-------+---------+---------+-------
      Total |       6 |       0 |   0.0 |       3 |       0 |   0.0
            +---------+---------+-------+---------+---------+-------
        D:1 |       4 |       0 |   0.0 |       2 |       0 |   0.0
        D:2 |       2 |       0 |   0.0 |       1 |       0 |   0.0
            +---------+---------+-------+---------+---------+-------
